 Dungeon Crawl Stone Soup version 0.30.1-9-gdf580d7c3d (webtiles) character file.

Game seed: 17749823005408679331

1586 NullDivider the Sneak (level 8, -3/46 HPs)
             Began as an Octopode Venom Mage on Sept 24, 2023.
             Slain by Edmund
             ... wielding a +2 flail of protection
              (8 damage)
             ... on level 6 of the Dungeon.
             The game lasted 00:33:07 (7636 turns).

NullDivider the Sneak (Octopode Venom Mage)         Turns: 7636, Time: 00:33:08

Health: -3/46      AC:  1    Str:  8    XL:     8   Next: 92%
Magic:  11/15      EV: 15    Int: 17    God:
Gold:   339        SH:  0    Dex: 14    Spells: 3/16 levels left

rFire   . . .        h - +1 dagger (venom)
rCold   + . .        (no shield)
rNeg    . . .        (helmet restricted)
rPois   .            (no amulet)
rElec   .            e - ring of protection from cold
rCorr   .            (no ring)
SInv    .            (no ring)
Will    .....        (no ring)
Stlth   ++++         (no ring)
HPRegen 0.27/turn    (no ring)
MPRegen 0.14/turn    (no ring)
                     (no ring)

%: no passive effects
@: lethally poisoned (-3 -> -4), very slightly contaminated
A: almost no armour, amphibious, 8 rings, camouflage 1, gelatinous body 1,
(nimble swimmer 1), tentacles
a: no special abilities


You were on level 6 of the Dungeon.
You visited 1 branch of the dungeon, and saw 6 of its levels.

You collected 339 gold pieces.

Inventory:

Hand Weapons
 h - a +1 dagger of venom (weapon)
Jewellery
 c - a ring of ice
 e - a ring of protection from cold (left tentacle)
 o - a ring of ice
Wands
 n - a wand of acid (5)
Scrolls
 b - 2 scrolls of teleportation {unknown}
 f - 2 scrolls of poison {unknown}
 k - 3 scrolls of noise {unknown}
 p - a scroll of magic mapping {unknown}
 q - a scroll of fear {unknown}
 r - a scroll of fog {unknown}
 s - a scroll of identify {unknown}
Potions
 a - a potion of magic
 d - 3 potions of might {unknown}
 g - 2 potions of flight {unknown}
 i - 2 potions of heal wounds {unknown}
 j - a potion of mutation {unknown}
 l - a potion of curing
 m - 3 potions of lignification {unknown}
 t - a potion of attraction {unknown}


   Skills:
 + Level 3.9 Short Blades
 + Level 4.7 Dodging
 + Level 6.9 Stealth
 + Level 4.6 Spellcasting
 + Level 2.3 Hexes
 - Level 1.0 Transmutations
 - Level 3.2 Air Magic
 + Level 6.4 Poison Magic


You had 3 spell levels left.
You knew the following spells:

 Your Spells              Type           Power      Damage    Failure   Level
a - Sting                 Tmut/Pois      64%        1d6       3%          1
b - Poisonous Vapours     Pois/Air       40%        N/A       3%          2
c - Mephitic Cloud        Conj/Pois/Air  14%        N/A       12%         3
d - Olgreb's Toxic Radia  Pois           25%        N/A       11%         4
e - Summon Guardian Gole  Hex/Summ       7%         N/A       26%         3

Your spell library contained the following spells:

 Spells                   Type           Power      Damage    Failure   Level
 Summon Small Mammal      Summ           12%        N/A       14%         1
 Dazzling Flash           Conj/Hex       14%        N/A       26%         3
 Inner Flame              Hex/Fire       7%         N/A       26%         3
 Call Canine Familiar     Summ           3%         N/A       41%         3
 Frozen Ramparts          Ice            6%         1d1       41%         3
 Ice Form                 Ice/Tmut       5%         N/A       75%         4
 Silence                  Hex/Air        6%         N/A       78%         5
 Flame Wave               Conj/Fire      3%         2d5       82%         4
 Sticky Flame             Conj/Fire      3%         2d3       82%         4
 Summon Ice Beast         Ice/Summ       3%         N/A       82%         4
 Agony                    Necr           3%         N/A       99%         5


Dungeon Overview and Level Annotations

Branches:
Dungeon (6/15)             Temple (0/1) D:6

Altars:
Dithmenos
Nemelex Xobeh
Okawaru
Trog

Shops:
D:5 ?

Annotations:
D:3 2 transporters, jaiteiro's ghost, amateur DrCj
D:6 Edmund


Innate Abilities, Weirdness & Mutations

You cannot wear most types of armour.
You are amphibious.
You can wear up to eight rings at the same time.
Your skin changes colour to match your surroundings (Stealth+).
Your rubbery body absorbs attacks. (AC +1, EV +1)
((You are camouflaged when in or above water. (Stealth+)))
You have tentacles for arms and can constrict up to eight enemies at once.


Message History

Poisonous vapours surround the scorpion!
The scorpion looks even sicker.
You kill the scorpion!
You start resting.
Magic restored.
You start waiting.
Done waiting.
You now have 323 gold pieces (gained 21).
Found 8 stones.
Found an escape hatch in the ceiling.
You now have 339 gold pieces (gained 16).
Edmund the Younger comes into view.
He is wielding a +2 flail of protection.
The helpless Edmund fails to defend himself.
You impale Edmund!! Your grab misses Edmund.
Edmund is severely wounded.
Edmund hits you with a +2 flail of protection!
Casting: Poisonous Vapours (safe; 3% risk of failure)
Confirm with . or Enter, or press ? or * to list all spells.
The spell is quite dangerous to miscast (11% risk of failure)!
Continue anyway?
You miscast Olgreb's Toxic Radiance.
You are very lightly contaminated with residual magic.
You feel odd.
You are poisoned.
You feel sick.
Edmund hits you with a +2 flail of protection!
You barely miss Edmund. You grab Edmund.
Edmund is severely wounded.
You constrict Edmund, but do no damage.
You feel sick.
You barely miss Edmund. You tentacle-slap Edmund.
You squeeze Edmund, but do no damage.
Edmund is severely wounded.
You constrict Edmund, but do no damage.
You feel sick.
Edmund hits you with a +2 flail of protection!
* * * LOW HITPOINT WARNING * * *
You hit Edmund but do no damage.
Edmund is poisoned.
You squeeze Edmund, but do no damage.
Edmund is severely wounded.
You constrict Edmund, but do no damage.
You feel sick.
Edmund hits you with a +2 flail of protection!
You die...

. .# . ..# # ..
..#...#....# .#. .#
..#...#...#..#
...#...#...#...#....
.#...#...#...#...#. #
...#...#...#...#.. .#
.#...#...#...#..@#..#
...#...#...#...#@...#
.#...#...#...#..#..##
...#...#...#..##..##
.....#...#..### .##
.......#..### .#
.######.#..# ##
....##..<..##.
..#.>.........#
.............##


You could see Edmund (very poisoned).

Vanquished Creatures
  Maggie (D:6)
  An orc warrior (D:6)
  A black bear (D:5)
  A bullfrog (D:6)
  3 scorpions
  4 hounds
  4 orc priests (D:5)
  2 jellies
  Ijyb (D:3)
  Jessica (D:3)
  3 iguanas (D:5)
  Natasha (thrice) (D:3)
  A sleepcap (D:5)
  2 orc wizards (D:5)
  4 gnolls (D:5)
  13 adders
  A white imp (D:6)
  An ufetubus (D:6)
  2 worms
  4 dart slugs
  18 orcs
  4 endoplasms
  2 giant cockroaches
  9 goblins
  9 hobgoblins
  5 jackals (D:1)
  3 quokkas
  10 ball pythons
  6 bats
  4 frilled lizards
  9 kobolds
  7 rats
139 creatures vanquished.

Notes
Turn   | Place    | Note
-------+----------+-------------------------------------------
     0 | D:1      | NullDivider the Octopode Venom Mage began the quest for the
                  | Orb.
     0 | D:1      | Reached XP level 1. HP: 11/11 MP: 3/3
   174 | D:1      | Reached XP level 2. HP: 5/17 MP: 1/5
   230 | D:1      | Learned a level 2 spell: Poisonous Vapours
  1007 | D:1      | Reached XP level 3. HP: 21/21 MP: 4/6
  1059 | D:1      | Learned a level 3 spell: Mephitic Cloud
  1764 | D:2      | Reached skill level 1 in Air Magic
  1905 | D:2      | Reached XP level 4. HP: 10/27 MP: 4/7
  3035 | D:3      | Noticed a necrophage
  3037 | D:3      | Found a transporter.
  3045 | D:3      | Noticed Jessica
  3052 | D:3      | Killed Jessica
  3053 | D:3      | Reached XP level 5. HP: 9/31 MP: 0/9
  3204 | D:3      | Reached skill level 1 in Short Blades
  3352 | D:3      | Found a transporter.
  3354 | D:3      | Noticed jaiteiro's ghost (amateur DrCj)
  3366 | D:3      | Noticed Ijyb
  3373 | D:3      | Killed Ijyb
  3708 | D:3      | Noticed Natasha
  3718 | D:3      | Killed Natasha
  3752 | D:3      | Learned a level 4 spell: Olgreb's Toxic Radiance
  3965 | D:3      | Noticed Natasha
  3972 | D:3      | Killed Natasha
  3973 | D:3      | Reached XP level 6. HP: 36/36 MP: 4/10
  4018 | D:3      | Noticed Natasha
  4027 | D:3      | Killed Natasha
  4605 | D:4      | Found a sparkling altar of Nemelex Xobeh.
  4640 | D:4      | Reached skill level 5 in Poison Magic
  5239 | D:5      | Entered Level 5 of the Dungeon
  5249 | D:5      | Reached XP level 7. HP: 41/41 MP: 4/12
  5324 | D:5      | Reached skill level 5 in Stealth
  5824 | D:5      | Found The Oracle's Delphic Readings.
  5899 | D:5      | Learned a level 3 spell: Summon Guardian Golem
  6186 | D:5      | Reached XP level 8. HP: 45/46 MP: 5/13
  6336 | D:5      | Found an iron altar of Okawaru.
  6361 | D:5      | Found a bloodstained altar of Trog.
  6510 | D:6      | Noticed Maggie
  6510 | D:6      | Found a shadowy altar of Dithmenos.
  6635 | D:6      | Killed Maggie
  6636 | D:6      | Reached skill level 1 in Hexes
  7366 | D:6      | Found a staircase to the Ecumenical Temple.
  7624 | D:6      | Noticed Edmund
  7636 | D:6      | Slain by Edmund

Illustrated notes

Levels and vault maps discovered:
D:1:      minmay_arrival_nine_rooms, layout_loops_corners,
          minmay_tree_intersection, minmay_octomino_c4
D:2:      wad_lake_hut, layout_basic
D:3:      layout_loops_cross, gammafunk_ghost_mausoleum, uniq_ijyb,
          uniq_natasha, uniq_jessica
D:4:      layout_loops_ring, nemelex_diamond_rough_becter
D:5:      layout_rooms, trog_hazing_becter, kennysheep_okawaru_gauntlet,
          minivault_1, minmay_misc_feat_alley, nicolae_nh_oracle_at_delphi
D:6:      layout_rooms, mainiacjoe_overflow_alcove_1, minmay_temple_entry_hall,
          hex_large, grunt_ministairs_9, uniq_edmund, uniq_maggie

Skill      XL: |  1  2  3  4  5  6  7  8 |
---------------+-------------------------+-----
Stealth        | 3 4 5 6 |  6.9
Poison Magic   | 4 5 6 |  6.4
Air Magic      | 1 2 3 |  3.2
Short Blades   | 1 2 3 |  3.9
Spellcasting   | 3 4 |  4.6
Dodging        | 3 4 |  4.7
Hexes          | 2 |  2.3
Transmutations | |  1.0

Action                     |  1- 3 |  4- 6 |  7- 9 || total
---------------------------+-------+-------+-------++-------
  Melee: Unarmed           |    38 |       |       ||    38
         Constrict         |    18 |    24 |    28 ||    70
         Tentacles         |     7 |    17 |    30 ||    54
         Dagger            |    19 |    92 |    94 ||   205
         Punch             |     1 |       |     6 ||     7
   Cast: Sting             |    30 |    21 |    14 ||    65
         Poisonous Vapours |    11 |    29 |    29 ||    69
         Mephitic Cloud    |       |     1 |     7 ||     8
         Olgreb's Toxic Ra |       |       |     3 ||     3
  Evoke: Wand              |       |       |     1 ||     1
   Stab: Sleeping          |     2 |    12 |     3 ||    17
         Confused          |       |     2 |     3 ||     5
 Armour: Skin              |     2 |     1 |     2 ||     5
  Dodge: Dodged            |    41 |    66 |    62 ||   169
